 Dungeon Crawl Stone Soup version 0.23-a0-241-g3b46b07 (webtiles) character file.

10315 Ijustatesigmund the Cleaver (level 11, -5/77 HPs)
             Began as an Octopode Fighter on Sept 25, 2018.
             Was a High Priest of Okawaru.
             Slain by an unseen horror (11 damage)
             ... on level 10 of the Dungeon on Sept 26, 2018.
             The game lasted 00:28:01 (12537 turns).

Ijustatesigmund the Cleaver (Octopode Fighter)     Turns: 12537, Time: 00:28:02

Health: -5/77      AC:  1    Str: 16    XL:     11   Next: 60%
Magic:  18/18      EV: 14    Int: 13    God:    Okawaru [*****.]
Gold:   713        SH: 12    Dex: 14    Spells: 10/10 levels left

rFire    + + .     SeeInvis .   a - +0 war axe
rCold    + . .     Gourm    .   b - +2 shield
rNeg     . . .     Faith    .   (helmet restricted)
rPois    +         Spirit   .   j - amulet of the acrobat
rElec    +         Reflect  .   o - ring of protection from fire
rCorr    +         Harm     .   f - ring of resist corrosion
MR       .....     Clarity  +   r - ring of flight
Stlth    +++++.....             (no ring)
HPRegen  0.22/turn              (no ring)
MPRegen  0.16/turn              (no ring)
                                (no ring)
                                (no ring)

@: about to teleport, resistant, flying, very slightly contaminated
A: almost no armour, stealthy swim, amphibious, 8 rings, constrict 8, camouflage
1, clarity, clever 1, poison resistance, electricity resistance, gelatinous body
1
a: Heroism, Finesse, Renounce Religion


You were on level 10 of the Dungeon.
You worshipped Okawaru.
Okawaru was extremely pleased with you.
You were not hungry.

You visited 2 branches of the dungeon, and saw 12 of its levels.

You collected 713 gold pieces.

Inventory:

Hand Weapons
 a - a +0 war axe (weapon)
 k - a +0 hand axe of freezing
 w - a +0 morningstar
 x - a +1 flail of holy wrath
Missiles
 v - 2 throwing nets (quivered)
Armour
 b - a +2 shield (worn)
Jewellery
 f - a ring of resist corrosion (right tentacle)
 j - an amulet of the acrobat (around mantle)
 o - a ring of protection from fire (left tentacle)
 r - a ring of flight (on tentacle)
Wands
 l - a wand of polymorph (6)
 m - a wand of random effects (8)
 u - a wand of clouds (5)
Scrolls
 c - 2 scrolls of remove curse
 e - 3 scrolls of teleportation
 g - 2 scrolls of fear
 q - 3 scrolls of fog
Potions
 h - 4 potions of brilliance
 i - a potion of agility {unknown}
 n - a potion of cancellation
 p - 3 potions of curing
 s - 2 potions of lignification
 t - a potion of flight
Comestibles
 d - 19 rations
 A - 6 chunks of flesh


   Skills:
 + Level 8.2 Fighting
 + Level 9.7 Axes
 + Level 5.9 Dodging
 - Level 7.9 Stealth
 + Level 5.9 Shields
 + Level 9.4 Invocations
 - Level 4.5 Evocations


You had 10 spell levels left.
You didn't know any spells.
Your spell library was empty.

Dungeon Overview and Level Annotations

Branches:
Dungeon (11/15)            Temple (1/1) D:7            Lair (0/6) D:9
    Orc: D:9-12

Altars:
Ashenzari
Cheibriados
Dithmenos
Elyvilon
Fedhas
Gozag
Hepliaklqana
Kikubaaqudgha
Makhleb
Nemelex Xobeh
Okawaru
Qazlal
Ru
Sif Muna
Trog
Uskayaw
Vehumet
Wu Jian
Xom
Yredelemnul
Zin
The Shining One

Annotations:
D:4 Natasha
D:10 coffeespoons's ghost, journeyman GrFi


Innate Abilities, Weirdness & Mutations

You cannot wear most types of armour.
You are very stealthy in the water. (Stealth+)
You are amphibious.
You can wear up to eight rings at the same time.
You can use your tentacles to constrict eight enemies at once.
Your skin changes colour to match your surroundings (Stealth+).
Your rubbery body absorbs attacks. (AC +1, EV +1)
You possess an exceptional clarity of mind.
Your mind is acute. (Int +2)
Your system is resistant to poisons. (rPois)
You are resistant to electric shocks. (rElec)


Message History

Found an opulent altar of Gozag.
As you read the scroll of fear, it crumbles to dust.
You assume a fearsome visage.
The ogre looks frightened!
Coffeespoons's ghost is unaffected.
The orc wizard looks frightened!
The orc wizard shouts!
The orc priest looks frightened!
The orc priest shouts!
The orc looks frightened!
The orc shouts!
The orc looks frightened!
The orc shouts!
The orc looks frightened!
Something barely misses you.
The orc wizard mumbles some strange words.
The orc wizard flickers and vanishes!
Deactivating autopickup; reactivate with Ctrl-A.
As you read the scroll of teleportation, it crumbles to dust.
You feel strangely unstable.
You feel like a meek peon again. Something hits you!
You die...

....########.#...####............
.......# #.##.## ##.......####
#.#.##.# #.#### ##.....##
#.#.##.# #.## ##...## #.#.##.#
#..# ##'####### #.#.##.# ##.#
#........ #......#
#.###########.####### .......#
#.#....O#..##.##### #
###.###########.@..o#.........###
###.# #>†W..'.._..##.........##
....# #######...o.##.#.........
##### #..o{o##.##........
#########.##.###.###
#.........##.# ### ############.#
#.# ######## #.#


You could see an ogre (fleeing), an orc priest (fleeing), coffeespoons's ghost
and 3 orcs.

Vanquished Creatures
  A hydra (D:8)
  Harold (D:10)
  2 two-headed ogres
  A wolf spider (D:10)
  A komodo dragon (D:9)
  A hornet (D:10)
  A troll (D:9)
  2 hippogriffs
  A spriggan (D:8)
  2 wyverns (D:9)
  Grum (D:9)
  2 hungry ghosts
  An ice beast (D:7)
  3 orc warriors
  2 phantoms
  2 sky beasts
  A black bear (D:10)
  2 necrophages (D:9)
  4 ogres
  3 wolves (D:9)
  3 centaurs
  A crocodile (D:9)
  A big kobold (D:7)
  9 bullfrogs
  A water moccasin zombie (D:10)
  4 scorpions
  2 killer bees (D:8)
  3 howler monkeys (D:9)
  4 wights (D:9)
  8 crimson imps
  A centaur zombie (D:11)
  3 centaur skeletons
  13 orc wizards
  5 orc priests
  6 hounds
  5 jellies
  A gnoll shaman (D:6)
  Crazy Yiuf (D:3)
  An iguana (D:11)
  Natasha (twice) (D:4)
  7 worker ants
  A killer bee zombie (D:9)
  2 hound zombies
  3 hound skeletons
  7 gnolls
  A river rat (D:3)
  13 adders
  A shadow imp (D:11)
  3 oozes
  2 adder skeletons
  5 worms
  2 dart slugs
  9 leopard geckos
  31 orcs
  6 ball pythons
  14 bats
  2 giant cockroaches (D:3)
  7 goblins
  11 hobgoblins
  12 jackals
  9 quokkas
  10 frilled lizards
  A giant cockroach zombie (D:5)
  8 kobolds
  8 rats
  2 fungi (D:3)
285 creatures vanquished.

Vanquished Creatures (others)
  30 plants (D:9)
30 creatures vanquished.

Grand Total: 315 creatures vanquished

Notes
Turn   | Place    | Note
-------+----------+-------------------------------------------
     0 | D:1      | Ijustatesigmund the Octopode Fighter began the quest for
                  | the Orb.
     0 | D:1      | Reached XP level 1. HP: 16/16 MP: 1/1
   142 | D:1      | Reached XP level 2. HP: 16/21 MP: 2/2
   330 | D:1      | Reached XP level 3. HP: 26/26 MP: 3/3
  1011 | D:2      | Reached XP level 4. HP: 14/33 MP: 4/4
  2086 | D:3      | Reached XP level 5. HP: 37/37 MP: 5/5
  2128 | D:3      | Gained mutation: Your mind is acute. (Int +2) [potion of
                  | mutation]
  2128 | D:3      | Gained mutation: You possess an exceptional clarity of
                  | mind. [potion of mutation]
  2128 | D:3      | Gained mutation: You are resistant to electric shocks.
                  | (rElec) [potion of mutation]
  2128 | D:3      | Gained mutation: Your system is resistant to poisons.
                  | (rPois) [potion of mutation]
  2510 | D:3      | Reached skill level 5 in Axes
  2563 | D:3      | Reached XP level 6. HP: 26/44 MP: 6/6
  2851 | D:3      | Found a runed door.
  2855 | D:3      | Noticed Crazy Yiuf
  2861 | D:3      | Killed Crazy Yiuf
  3021 | D:4      | Noticed Natasha
  3029 | D:4      | Killed Natasha
  3355 | D:4      | Noticed Natasha
  3365 | D:4      | Killed Natasha
  3725 | D:4      | Noticed Natasha
  3892 | D:5      | Entered Level 5 of the Dungeon
  3909 | D:5      | Reached XP level 7. HP: 34/49 MP: 7/7
  3916 | D:5      | Reached skill level 5 in Fighting
  4536 | D:5      | Reached XP level 8. HP: 41/56 MP: 8/8
  4812 | D:5      | Reached skill level 1 in Stealth
  5636 | D:6      | Reached skill level 5 in Stealth
  5649 | D:6      | Reached skill level 1 in Evocations
  6121 | D:7      | Reached XP level 9. HP: 48/61 MP: 11/11
  6318 | D:7      | Found a staircase to the Ecumenical Temple.
  6327 | Temple   | Entered the Ecumenical Temple
  6597 | Temple   | Became a worshipper of Warmaster Okawaru
  6865 | D:7      | Reached skill level 1 in Invocations
  7499 | D:8      | Noticed a five-headed hydra
  7507 | D:8      | Killed a five-headed hydra
  7529 | D:7      | Noticed a rust devil
  7529 | D:7      | Noticed a rust devil
  7537 | D:8      | HP: 3/61 [hippogriff (6)]
  7538 | D:8      | Reached * piety under Okawaru
  8189 | D:8      | Reached XP level 10. HP: 59/68 MP: 15/15
  8939 | D:9      | Found a basalt altar of Yredelemnul.
  9239 | D:9      | Noticed Grum
  9251 | D:9      | Killed Grum
  9900 | D:9      | Reached ** piety under Okawaru
 10132 | D:9      | Found a staircase to the Lair.
 10326 | D:10     | Entered Level 10 of the Dungeon
 10381 | D:10     | Noticed Harold
 10469 | D:10     | Killed Harold
 10469 | D:10     | Reached *** piety under Okawaru
 10469 | D:10     | Reached XP level 11. HP: 28/75 MP: 17/17
 10814 | D:10     | Reached skill level 5 in Dodging
 10814 | D:10     | Reached skill level 5 in Shields
 10994 | D:10     | Noticed a two-headed ogre
 11004 | D:10     | Killed a two-headed ogre
 11004 | D:10     | Reached **** piety under Okawaru
 11242 | D:10     | Found the +9 scales of the Dragon King {rPois rF+ rC+ MR+}
 11448 | D:10     | Upgraded the game from 0.23-a0-208-gb6b040f to
                  | 0.23-a0-241-g3b46b07
 11912 | D:11     | Found a runed gate.
 12396 | D:11     | Noticed a two-headed ogre
 12409 | D:11     | Killed a two-headed ogre
 12489 | D:11     | Found a runed gate.
 12489 | D:11     | Found a runed gate.
 12494 | D:11     | Noticed an ogre mage
 12496 | D:11     | Found an opulent altar of Gozag.
 12496 | D:11     | Noticed coffeespoons's ghost (journeyman GrFi)
 12496 | D:11     | Noticed a wolf spider
 12532 | D:10     | Killed a wolf spider
 12532 | D:10     | Reached ***** piety under Okawaru
 12535 | D:10     | Found an opulent altar of Gozag.
 12537 | D:10     | Slain by an unseen horror

Vault maps used:
D:1:      minmay_arrival_wavy_path
D:3:      portal_sewer_entry_e, roderic_batcave, uniq_crazy_yiuf_cottage
D:4:      uniq_natasha
D:5:      first_ration, minivault_26
D:7:      cheibrodos_iron_armory, minmay_temple_entry_poolview
D:8:      nicolae_ossuary_entry_ruins, grunt_pizzeria
D:9:      nicolae_overflow_hidden_temple, david_lair_shrubbed,
          minmay_misc_feat_hallway, grunt_ministairs_3, uniq_grum
D:10:     lemuel_upstairs_altar, uniq_harold
D:11:     ebering_ghost_gozag
Temple:   regret_index_temple_sigil_plot

Skill      XL: |  1  2  3  4  5  6  7  8  9 10 11 |
---------------+----------------------------------+-----
Axes           | 3 4 5 6 9 |  9.7
Fighting       | 4 5 7 8 |  8.2
Dodging        | 4 5 |  5.9
Shields        | 4 5 |  5.9
Stealth        | 7 |  7.9
Evocations     | 3 4 |  4.5
Invocations    | 7 8 9 |  9.4

Action                   |  1- 3 |  4- 6 |  7- 9 | 10-12 || total
-------------------------+-------+-------+-------+-------++-------
Melee: War axe           |    52 |     3 |       |   258 ||   313
       Constrict         |    19 |    36 |    48 |    51 ||   154
       Tentacles         |     8 |    30 |    51 |    77 ||   166
       Hand axe          |       |   138 |   225 |    50 ||   413
       Punch             |       |       |       |     4 ||     4
       Flail             |       |       |       |    20 ||    20
Throw: Throwing net      |       |       |       |     1 ||     1
Invok: Heroism           |       |       |       |    15 ||    15
Evoke: Wand              |       |       |    12 |    11 ||    23
  Use: Scroll            |     6 |     8 |     6 |     8 ||    28
       Potion            |       |     3 |     8 |     3 ||    14
 Stab: Sleeping          |     6 |     9 |     7 |    22 ||    44
       Distracted        |       |       |     1 |       ||     1
       Held in net/web   |       |       |       |     1 ||     1
  Eat: Chunk             |       |     9 |     8 |     3 ||    20
       Ration            |       |       |     2 |     4 ||     6
Armor: Skin              |     2 |     9 |     9 |     4 ||    24
Dodge: Dodged            |    20 |    77 |    97 |   143 ||   337
Block: Shield            |    22 |    51 |   106 |   173 ||   352

Table legend:
 A = Non-vault XP
 B = Vault XP
 C = Vault XP percentage of total XP
 D = Non-vault monster count
 E = Vault monster count
 F = Vault count percentage of total count
                 A         B        C        D         E       F
            +---------+---------+-------+---------+---------+-------
      Total |   11756 |    2981 |  20.2 |     254 |      29 |  10.2
            +---------+---------+-------+---------+---------+-------
        D:1 |      49 |       0 |   0.0 |      20 |       0 |   0.0
        D:2 |      78 |       0 |   0.0 |      28 |       0 |   0.0
        D:3 |     152 |      77 |  33.6 |      21 |      18 |  46.2
        D:4 |     220 |      35 |  13.7 |      14 |       1 |   6.7
        D:5 |     848 |       0 |   0.0 |      31 |       0 |   0.0
        D:6 |     626 |       0 |   0.0 |      18 |       0 |   0.0
        D:7 |     682 |       0 |   0.0 |      18 |       0 |   0.0
        D:8 |    1711 |     220 |  11.4 |      13 |       1 |   7.1
        D:9 |    2706 |    1059 |  28.1 |      37 |       7 |  15.9
       D:10 |    2109 |    1590 |  43.0 |      28 |       2 |   6.7
       D:11 |    2575 |       0 |   0.0 |      26 |       0 |   0.0
            +---------+---------+-------+---------+---------+-------
